 Dungeon Crawl Stone Soup version 0.10-a0-2733-g5028f93 character file.

1396128 elliptic the Warrior (level 26, 217/217 (219) HPs)
             Began as a Mummy Fighter on Dec 14, 2011.
             Was the Champion of Makhleb.
             Escaped with the Orb
             ... and 3 runes on Dec 15, 2011!
             The game lasted 05:15:08 (96031 turns).

elliptic the Warrior (Mummy Fighter)               Turns: 96031, Time: 05:15:08

HP 217/217 (219) AC 15     Str 21      XL: 26   Next: 65%
MP  38/38        EV 16     Int 13      God: Makhleb [******]
Gold 2404        SH 30     Dex 10 (11) Spells: 10 memorised,  9 levels left

Res.Fire  : . . .   See Invis. : .   a - +7 demon blade (vamp)
Res.Cold  : + + .   Warding    : . . L - +2 elf robe {rF+}
Life Prot.: + + +   Conserve   : .   V - +2 dwarf shield {AC+3}
Res.Acid. : . . .   Res.Corr.  : .   l - +1 helmet of the Sun {rN+}
Res.Poison: +       Clarity    : .   g - +2 cloak
Res.Elec. : .       Spirit.Shd : .   t - +1 pair of gauntlets
Sust.Abil.: . .     Stasis     : .   N - +0 pair of boots {run}
Res.Mut.  : .       Ctrl.Telep.: x   u - necklace of Bloodlust {*Rage +Rage MR Str+ Res.Rott. : + Levitation : . e - ring of Mistrust {+Lev rC+ Acc+5 Dam+4} Saprovore : . . . Ctrl.Flight: . X - +7,+7 ring of slaying {mikee}

@: very slightly contaminated, hasted, very quick, extraordinarily resistant to
hostile enchantments, extremely unstealthy
A: no food or potions, fire vulnerability, strongly in touch with death, cold
resistance 1, life protection 3, poison resistance, torment resistance,
unbreathing
a: Self-Restoration, Minor Destruction, Lesser Servant of Makhleb, Major
Destruction, Greater Servant of Makhleb, Renounce Religion, Evoke Berserk Rage,
Evoke Levitation
}: 3/15 runes: decaying, serpentine, silver


You escaped.
You worshipped Makhleb.
Makhleb was exalted by your worship.
You were not hungry.

You visited 8 branches of the dungeon, and saw 67 of its levels.
You visited 1 bazaar.
You visited 3 portal chambers: volcano, ice_cave, wizlab.

You collected 9598 gold pieces.
You spent 7214 gold pieces at shops.

Inventory:

Hand weapons
 a - a +7,+7 vampiric demon blade (weapon)
 b - a +3,+4 demon trident of flaming
 c - a +0 blowgun
 F - the -1,-2 scimitar of Trog's Brutal Revenge {vamp, Hunger+ rF++}
   (You found it on level 8 of the Vaults)

   It inflicts no extra harm, but heals its wielder somewhat when it strikes a
   living foe.
   It greatly protects you from fire.
   It greatly speeds your metabolism.
Missiles
 h - 2 curare-tipped +0 needles
Armour
 g - a +2 cloak (worn)
 l - the +1 helmet of the Sun (worn) {rN+}
   (You found it on level 8 of the Lair of Beasts)

   It protects you from negative energy.
 t - a +1 pair of gauntlets (worn)
 L - a +2 elven robe of fire resistance (worn)
 N - a +0 pair of boots of running (worn)
 V - a +2 dwarven shield of protection (worn)
Magical devices
 j - a wand of heal wounds (7)
 n - a wand of teleportation (12)
 o - a wand of digging (3)
 q - a wand of heal wounds (8)
 v - a wand of teleportation (7)
 D - a wand of heal wounds (3)
 M - a wand of teleportation (8)
 P - a wand of hasting (5)
 S - a wand of digging (9)
 T - a wand of disintegration (9)
Scrolls
 i - a scroll of blinking
 k - 3 scrolls of fog
 x - a scroll of torment {!r}
 y - a scroll of teleportation
 K - 5 scrolls of remove curse
Jewellery
 d - an uncursed ring of protection from fire
 e - the ring of Mistrust (right hand) {+Lev rC+ Acc+5 Dam+4}
   (You found it in an ice cave)

   [ring of slaying]

   It affects your accuracy (+5).
   It affects your damage-dealing abilities (+4).
   It protects you from cold.
   It lets you levitate.
 f - an uncursed amulet of clarity
 r - an uncursed ring of see invisible
 s - an uncursed ring of teleportation
 u - the necklace of Bloodlust (around neck) {*Rage +Rage MR Str+2 Int-2 Dam+5 Stlth- Curse}
   (You bought it in a shop in a bazaar)

   [amulet of rage]

   It affects your strength (+2).
   It affects your intelligence (-2).
   It affects your damage-dealing abilities (+5).
   It increases your resistance to enchantments.
   It makes you angry.
   It may recurse itself.
   It makes you less stealthy.
 z - an uncursed amulet of conservation
 B - the amulet of Summertime {rMut MR}
   (You found it on level 21 of the Dungeon)

   [amulet of resist mutation]

   It increases your resistance to enchantments.
 C - the amulet of the Air {cFly +Lev rElec EV+3 Stlth++}
   (You found it on level 6 of the Dungeon)

   [amulet of controlled flight]

   It affects your evasion (+3).
   It insulates you from electricity.
   It lets you levitate.
   It makes you much more stealthy.
 H - an uncursed ring of regeneration
 O - an uncursed amulet of resist mutation
 R - an uncursed amulet of resist corrosion
 X - a +7,+7 ring of slaying (left hand) {mikee}
 Z - an uncursed ring of teleport control
Magical staves
 w - a staff of wizardry
 Q - a staff of air
Orbs of Power
 m - the Orb of Zot


   Skills:
 + Level 19.4 Fighting
 - Level 14.0 Long Blades
 - Level 14.0 Polearms
 - Level 2.4 Armour
 - Level 10.2 Dodging
 - Level 15.0 Shields
 - Level 10.0 Traps & Doors
 - Level 10.0 Spellcasting
 - Level 12.0 Charms
 - Level 16.1 Translocations
 - Level 2.6 Poison Magic
 - Level 11.0 Invocations


You had 9 spell levels left.
You knew the following spells:

 Your Spells              Type           Power        Success   Level  Hunger
f - Flight                Air/Chrm       ####......   Excellent   3    N/A
i - Insulation Air/Chrm   ####......     Very         Good        4    N/A
p - Phase Shift           Tloc           ######....   Excellent   5    N/A
r - Repel Missiles        Air/Chrm       ####......   Excellent   2    N/A
s - Swiftness             Air/Chrm       ####......   Excellent   2    N/A
t - Control Teleport      Chrm/Tloc      ######....   Excellent   4    N/A
v - Blink                 Tloc           N/A          Excellent   2    N/A
A - Apportation           Tloc           ######....   Perfect     1    N/A
H - Haste Chrm            ######...      Very         Good        6    N/A
V - Controlled Blink Tloc N/A            Very         Good        7    N/A

Dungeon Overview and Level Annotations

Branches:
Dungeon (27/27)            Temple (0/1) D:6             Orc (4/4) D:10
   Lair (8/8) D:10          Swamp (5/5) Lair:5        Snake (5/5) Lair:5
  Vault (8/8) D:15          Blade (0/1) Vault:6       Crypt (5/5) Vault:2
   Tomb (0/3) Crypt:3         Zot (5/5) D:27
    Elf: Orc:3-4      Slime: Lair:6-8

Altars:
Elyvilon
Fedhas
Kikubaaqudgha
Makhleb
Nemelex Xobeh
Sif Muna
The Shining One
Yredelemnul
Zin
Beogh

Shops:
D:6: *(!% D:9: / D:17: * D:24: + D:25: ( D:26: ? D:27: [ Orc:1: / Orc:4: ([(*+ Snake:1: ? Snake:4: / Vault:3: %

Portals:
Hell: D:21 D:22 D:23 D:24 D:25 D:26 D:27
Abyss: D:21 D:22 D:24 D:25 D:27
Pan: D:24 D:25 D:26

Annotations
D:3 Terence
D:5 crazy yiuf!, Crazy Yiuf
D:14 exclusion: 2 oklob saplings
D:26 1 exclusion
Lair:8 exclusion: 3 doors
Snake:5 exclusion: door
Vault:2 exclusion: Roxanne, Roxanne
Vault:5 mennas!!, Mennas
Vault:6 exclusion: upstairs
Crypt:1 exclusion: 2 curse skulls
Crypt:4 exclusion: 2 curse skulls


Innate Abilities, Weirdness & Mutations

You do not eat or drink.
Your flesh is vulnerable to fire.
You are strongly in touch with the powers of death.
You can restore your body by infusing magical energy.
Your flesh is cold resistant.*
You are immune to negative energy.*
Your system is resistant to poisons.*
You are immune to unholy pain and torment.
You can survive without breathing.*


Message History

Evoke which item? (* to show all) (? for menu, Esc to quit)
Zapping:
o - a wand of digging (6)
Press: ? - help, Shift-Dir - straight line, f - you The rock liquefies and sinks out of sight.
This wand has 5 charges left.
You see here a dart.
Unknown command.
Evoke which item? (* to show all) (? for menu, Esc to quit)
Zapping:
o - a wand of digging (5)
Press: ? - help, Shift-Dir - straight line, f - you The rock liquefies and sinks out of sight.
This wand has 4 charges left.
Evoke which item? (* to show all) (? for menu, Esc to quit)
Zapping:
o - a wand of digging (4)
Press: ? - help, Shift-Dir - straight line, f - you The rock liquefies and sinks out of sight.
This wand has 3 charges left.
There is a staircase leading out of the dungeon here.
Are you sure you want to win?
You have escaped!

.##.# ##......#.#### #
.##.###..###.##....## #
.##.##..##...###.#..## #
.##.##.##....# ####..### #
.##.##.#..##.## ##.#.### #
.##.##.#..##..### #......# #
.##.##.#...##...#######..# #
.##.##.#...####..# ###..# #
.##.##.##.## ##@# #....# #
.##.##.#..# ### ##<#.# #
.##.##.#<## ##### #
.##.##.##########################
.................................
.##.####.###.####################
.##.# #.# #..........###########
.##.# #.# #.....................
.##.# #.# #..........###########


There were no monsters in sight!

Vanquished Creatures
  4 ancient liches
  An orb of fire (Zot:5)
  A Killer Klown (Zot:5)
  5 golden dragons
  Xtahua (D:20)
  Nikola (Snake:4)
  A lich (D:27)
  15 Orb Guardians (Zot:5)
  3 titans (Vault:8)
  4 shadow dragons (Vault:8)
  4 storm dragons
  4 sphinxes
  Kirke (Crypt:1)
  A daeva (D:18)
  Frances (Crypt:4)
  2 draconian monks
  8 ghouls
  A frost giant (Vault:8)
  7 bone dragons
  A quicksilver dragon zombie (Crypt:5)
  5 fire giants
  A draconian zealot (Zot:1)
  41 stone giants
  10 tentacled monstrosities
  An orc warlord (D:21)
  A draconian caller (Zot:1)
  A curse skull (Crypt:5)
  6 greater nagas (Snake:5)
  2 red draconians
  A Green Death (D:18)
  A green draconian (Zot:5)
  Jozef (D:15)
  A deep elf annihilator (Vault:8)
  A purple draconian (Zot:1)
  2 yellow draconians (Zot:5)
  3 pale draconians
  A titan zombie (Crypt:3)
  2 salamanders (Snake:5)
  7 ettins
  Snorg (Snake:2)
  24 vault guards
  24 yaktaur captains
  A storm dragon zombie (Crypt:2)
  3 vampire knights
  4 dragons
  2 death cobs
  Erica (D:14)
  Harold (D:11)
  4 ice dragons
  A rakshasa (D:16)
  12 anacondas
  12 ogre magi
  An iron dragon zombie (Crypt:2)
  2 alligators
  3 frost giant zombies
  3 stone giant zombies
  A fire giant zombie (Crypt:4)
  19 deep trolls
  2 sphinx skeletons
  An iron dragon skeleton (Crypt:2)
  An orc high priest (Orc:4)
  23 centaur warriors
  3 very ugly things
  11 hydras
  A fire giant skeleton (D:27)
  6 stone giant skeletons
  An iron golem (D:22)
  A shadow wraith (Vault:6)
  2 deep elf knights
  A frost giant skeleton (D:19)
  9 flayed ghosts
  4 hell knights (Crypt:3)
  2 dire elephant skeletons (Crypt:5)
  2 iron trolls
  2 grey draconian zombies (Crypt:5)
  73 skeletal warriors
  65 slime creatures
  A black draconian zombie (Crypt:1)
  5 naga warriors
  A pale draconian zombie (Crypt:1)
  3 swamp dragons (shapeshifter)
  4 unseen horrors
  A white draconian zombie (Crypt:4)
  3 iron troll zombies
  7 guardian serpents
  22 orc knights
  2 purple draconian zombies (Crypt:4)
  2 hill giants (shapeshifter) (Vault:8)
  2 ice statues (Port)
  2 giant amoebae (Vault:4)
  4 necromancers
  6 wizards
  A black draconian skeleton (Crypt:2)
  12 hill giants
  5 harpies (D:23)
  A harpy zombie (D:21)
  11 crystal golems (D:25)
  A guardian serpent (shapeshifter) (Vault:2)
  5 orc sorcerers
  Joseph (D:9)
  5 vampire magi
  2 iron troll skeletons
  2 red wasps
  2 flaming corpses (Crypt:5)
  A catoblepas zombie (Crypt:5)
  7 hydra zombies
  A griffon (shapeshifter) (D:26)
  6 phantasmal warriors
  A minotaur skeleton (Crypt:5)
  10 cyclopes
  4 griffons
  2 spiny worms
  3 fire crabs
  A stone golem (D:26)
  Maurice (Orc:1)
  2 cyclopes (shapeshifter)
  3 moths of wrath (Zot:1)
  A hydra skeleton (Crypt:1)
  2 trapdoor spiders
  A harpy skeleton (Crypt:3)
  4 spectral hydras (Swamp:5)
  A wolf spider (D:15)
  2 death drake skeletons
  3 elephant slugs
  10 spiny frogs
  A dragon zombie (Vault:4)
  2 ettin skeletons
  An orange demon (D:25)
  A slime creature (shapeshifter) (Vault:8)
  2 ice dragon zombies
  29 black mambas
  7 black mamba zombies (Snake:2)
  16 elephants
  A wolf spider (shapeshifter) (D:27)
  2 dragon skeletons
  A griffon skeleton (D:17)
  8 feature mimics
  A hellwing (D:22)
  41 yaktaurs
  Psyche (D:9)
  4 guardian mummies (Crypt:3)
  6 rock trolls
  102 ugly things
  14 naga magi
  A queen bee (shapeshifter) (Vault:3)
  A large abomination (Crypt:5)
  A komodo dragon (shapeshifter) (Vault:8)
  2 hill giant zombies
  Grinder (D:5)
  17 trolls
  A hill giant skeleton (Crypt:3)
  A spriggan skeleton (Crypt:5)
  4 komodo dragons
  A smoke demon (D:22)
  A spriggan (shapeshifter) (D:26)
  An ogre zombie (D:27)
  A queen bee (D:13)
  A raven skeleton (Crypt:3)
  A spiny frog zombie (Crypt:2)
  3 rock troll zombies
  A raven zombie (Crypt:5)
  5 bog mummies
  A silent spectre (Crypt:1)
  A hydra simulacrum (Vault:3)
  12 blink frogs
  4 wandering mushrooms (D:14)
  A deep troll skeleton (D:22)
  2 rock troll skeletons
  19 two-headed ogres
  A spiny frog skeleton (Crypt:4)
  2 basilisks (shapeshifter)
  2 basilisks
  A grizzly bear (Lair:5)
  9 bumblebees
  A snapping turtle skeleton (Crypt:5)
  A swamp dragon zombie (Swamp:5)
  11 wraiths
  3 wyverns
  A hungry ghost (D:12)
  A small abomination (D:27)
  The ghost of Gandelf the Chopper, an average DDBe of Trog (D:3)
  A hog (Crypt:1)
  10 vampires
  2 merfolk skeletons
  A chaos spawn (Crypt:4)
  A lindwurm skeleton (Crypt:5)
  6 sharks (D:25)
  A spectral swamp dragon (Swamp:5)
  46 yaks
  A fire drake zombie (Crypt:2)
  A clay golem (D:22)
  A soldier ant (D:16)
  4 elves (shapeshifter)
  3 fire elementals (Vault:2)
  8 hippogriffs
  A manticore (shapeshifter) (Vault:8)
  A rock worm (D:21)
  A fire drake (Lair:7)
  4 water elementals (D:27)
  2 yaktaur zombies
  An item mimic (Vault:2)
  5 deep elf fighters
  A merfolk (shapeshifter) (Vault:8)
  41 vampire mosquitoes
  2 war dogs
  A mottled dragon (D:18)
  2 manticores
  A mermaid skeleton (Crypt:5)
  2 orange crystal statues
  2 yaktaur skeletons
  A jumping spider zombie (Crypt:5)
  A red devil (Crypt:4)
  29 necrophages
  13 insubstantial wisps (Swamp:5)
  37 orc warriors
  10 freezing wraiths
  19 swamp worms
  A redback simulacrum (Vault:2)
  3 hell hounds (Vault:2)
  30 ice beasts
  2 troll zombies
  4 sky beasts
  2 yak zombies
  22 phantoms
  2 rock worm zombies
  3 swamp worm zombies (Swamp:5)
  27 ogres
  4 cyclops skeletons
  15 giant goldfish
  A polar bear zombie (Crypt:3)
  2 swamp drakes
  64 nagas
  23 centaurs
  A polar bear skeleton (Crypt:4)
  6 big kobolds
  A swamp dragon simulacrum (Crypt:1)
  3 boulder beetle zombies
  7 crocodiles
  3 human skeletons
  29 water moccasins
  2 giant leeches
  13 wargs
  2 brain worms
  A yaktaur simulacrum (D:12)
  A tarantella zombie (Crypt:4)
  12 giant slugs
  A two-headed ogre zombie (D:12)
  A wolf skeleton (Crypt:3)
  5 agate snails
  A boring beetle zombie (Crypt:1)
  6 water moccasin zombies
  A draconian zombie (Crypt:3)
  30 giant frogs
  3 humans (shapeshifter)
  A soldier ant zombie (Vault:3)
  2 basilisk skeletons
  A centaur zombie (Crypt:5)
  A two-headed ogre skeleton (Crypt:1)
  An eye of draining (D:14)
  A warg zombie (Crypt:3)
  A warg skeleton (Crypt:2)
  A water moccasin skeleton (Crypt:5)
  16 jellyfish
  2 black bear skeletons
  6 boulder beetles
  37 killer bees
  17 electric eels
  A pulsating lump (shapeshifter) (D:26)
  A big kobold zombie (D:13)
  15 crimson imps
  A deep dwarf skeleton (Crypt:1)
  A crocodile skeleton (Crypt:5)
  13 iguanas
  3 shadows
  A naga zombie (Crypt:5)
  26 wights
  5 goliath beetles
  A mottled dragon skeleton (D:16)
  26 orc priests
  A quasit (D:12)
  A big kobold skeleton (D:7)
  4 hound skeletons
  11 hounds
  10 worker ants
  A scorpion (D:8)
  11 big fish
  2 deep elf soldiers
  27 orc wizards
  4 orange rats
  3 swamp drake zombies (Swamp:5)
  11 porcupines
  A worker ant zombie (D:9)
  An orange rat skeleton (Crypt:4)
  3 big fish zombies (Swamp:5)
  A deep dwarf simulacrum (Crypt:5)
  2 sheep (D:12)
  Jessica (D:3)
  11 human zombies
  3 jellies
  3 mummies
  3 gnolls (D:4)
  12 flying skulls
  77 green rats
  5 giant centipedes
  2 iguana zombies
  39 snakes
  A scorpion zombie (Crypt:5)
  2 shadow imps (D:9)
  10 snake zombies (Snake:2)
  A white imp (D:9)
  4 giant mites
  A porcupine skeleton (Crypt:3)
  A sheep skeleton (Crypt:1)
  A snake skeleton (D:8)
  13 worms
  9 grey rats
  2 bat zombies
  3 giant eyeballs
  2 gnoll skeletons
  A green rat zombie (Crypt:3)
  8 giant geckos
  3 oozes
  An orc (shapeshifter) (D:21)
  174 orcs
  11 giant cockroaches
  20 goblins
  23 hobgoblins
  31 jackals
  40 kobolds
  15 quokkas
  An ant larva (shapeshifter) (Vault:8)
  An ant larva zombie (Crypt:2)
  57 bats
  10 giant newts
  A giant newt simulacrum (Crypt:5)
  A giant newt zombie (Crypt:5)
  2 giant spores
  A goblin zombie (Crypt:5)
  2 grey rat zombies
  2 hobgoblin skeletons
  18 illusory rakshasas (D:16)
  4 orc skeletons
  3 orc zombies
  A quokka skeleton (D:14)
  A quokka zombie (Crypt:2)
  34 rats
  A rat skeleton (Crypt:4)
  A rat zombie (D:7)
  3 small snakes
  6 small snake zombies (Snake:2)
  6 ballistomycetes
  5 fungi
  7 plants
  9 toadstools
2602 creatures vanquished.

Vanquished Creatures (collateral kills)
  An ancient lich (Crypt:5)
  Saint Roka (Vault:2)
  Norris (Snake:2)
  Mara (Crypt:1)
  Margery (Crypt:2)
  A lich (D:27)
  Agnes (D:14)
  Donald (Snake:1)
  A ghoul (Crypt:3)
  Wiglaf (Swamp:3)
  Aizul (Snake:1)
  Louise (Snake:1)
  A bone dragon (Vault:8)
  A frost giant (Vault:8)
  A greater naga (Snake:5)
  5 dire elephants (Lair:8)
  Azrael (Vault:2)
  2 deep elf sorcerers
  2 salamanders (Snake:5)
  An ice dragon (Port)
  3 hydras
  An ogre mage (D:27)
  3 anacondas
  6 death yaks (Lair:8)
  7 orc high priests (Orc:4)
  Nessos (D:11)
  2 very ugly things (Vault:8)
  Nergalle (Snake:2)
  A soul eater (Orc:4)
  A hell knight (Crypt:3)
  10 skeletal warriors
  An unseen horror (Vault:2)
  A naga warrior (Snake:4)
  A hill giant (D:10)
  A wizard (D:27)
  2 spiny worms
  7 black mambas
  4 elephants (Lair:8)
  2 sixfirhies (Orc:4)
  2 spiny frogs
  A naga mage (Snake:4)
  23 ugly things
  A smoke demon (Orc:4)
  4 blink frogs (Lair:4)
  A komodo dragon (Lair:8)
  A rock troll skeleton (Vault:4)
  A wyvern (Lair:8)
  26 yaks
  A blue devil (Orc:4)
  2 vampires (D:20)
  2 hippogriffs
  2 clay golems (Port)
  A neqoxec (Orc:4)
  5 deep elf fighters (Port)
  A giant slug zombie (Vault:2)
  7 war dogs
  A mottled dragon (D:13)
  A cyclops zombie (Vault:2)
  4 orc warriors
  A phantom (D:11)
  A sky beast (D:11)
  A crocodile (Lair:8)
  An ogre (Orc:4)
  8 nagas
  5 wargs (Orc:4)
  A giant slug (Lair:8)
  A centaur zombie (Crypt:1)
  A giant frog (Lair:7)
  6 water moccasins
  A soldier ant zombie (D:15)
  2 warg zombies (Orc:4)
  2 human zombies (D:20)
  2 killer bees (D:14)
  2 electric eels
  3 jellyfish (D:13)
  2 shadows (Crypt:2)
  A lava snake (Snake:5)
  19 orc priests
  5 big fish (Lair:6)
  A hound (Lair:2)
  An orange rat (D:20)
  2 orc wizards
  A porcupine (Lair:6)
  2 jellies (D:13)
  2 flying skulls (D:20)
  A gnoll (shapeshifter) (D:20)
  8 green rats
  2 snakes
  2 grey rats (D:20)
  A bat zombie (Crypt:3)
  A giant gecko (Lair:2)
  34 orcs
  A hobgoblin (Orc:4)
  A quokka (Lair:6)
  4 bats (D:20)
  A goblin (D:13)
  4 orc zombies (Orc:4)
  2 rats (D:20)
  3 fungi (Lair:8)
  5 plants
  A toadstool (Orc:4)
313 creatures vanquished.

Vanquished Creatures (others)
  Frederick (D:23)
  3 Executioners
  2 balrugs
  A draconian scorcher (Zot:5)
  2 cacodemons
  3 Green Deaths
  A blizzard demon (Port)
  An anaconda (Snake:4)
  26 slime creatures
  A yaktaur (D:23)
  A naga mage (Snake:5)
  A smoke demon (D:9)
  An ugly thing (D:21)
  A human zombie (Crypt:3)
  An ogre zombie (D:27)
  2 orc warriors (D:21)
  A naga (Snake:4)
  An ogre (D:19)
  A centaur (D:24)
  A giant frog (D:21)
  A small abomination (D:10)
  A water moccasin (Snake:5)
  A human (Crypt:1)
  An electric eel (D:8)
  2 snakes (Snake:4)
  A giant gecko (Lair:5)
  5 orcs
  A bat (D:8)
  A hobgoblin (D:25)
  A quokka (Lair:3)
  2 kobolds
  A rat (Lair:5)
  2 plants
  35 toadstools
107 creatures vanquished.

Grand Total: 3022 creatures vanquished

Notes
Turn   | Place    | Note
--------------------------------------------------------------
     0 | D:1      | elliptic, the Mummy Fighter, began the quest for the Orb.
     0 | D:1      | Reached XP level 1. HP: 18/18 MP: 0/0
   377 | D:1      | Reached XP level 2. HP: 24/24 MP: 1/1
   997 | D:2      | Reached XP level 3. HP: 27/30 MP: 2/2
  1505 | D:2      | Reached XP level 4. HP: 34/36 MP: 3/3
  1521 | D:2      | Reached skill level 4 in Polearms
  1956 | D:3      | Noticed Gandelf's ghost (average DDBe)
  2521 | D:3      | Found a burning altar of Makhleb.
  2572 | D:3      | Defeated Gandelf's ghost
  2572 | D:3      | Reached skill level 5 in Polearms
  2572 | D:3      | Reached XP level 5. HP: 41/41 MP: 4/4
  2626 | D:3      | Became a worshipper of Makhleb the Destroyer
  2852 | D:3      | Noticed Terence
  3030 | D:3      | Noticed Jessica
  3035 | D:3      | Defeated Jessica
  3102 | D:3      | Acquired Makhleb's first power
  3102 | D:3      | Reached XP level 6. HP: 48/48 MP: 5/5
  3655 | D:4      | Got an encrusted leather armour
  3668 | D:4      | Identified the +3 leather armour of Ynune (You found it on level 4 of the Dungeon)
  3847 | D:5      | Entered Level 5 of the Dungeon
  3997 | D:5      | Noticed Crazy Yiuf
  4119 | D:5      | Reached skill level 6 in Polearms
  4220 | D:5      | Acquired Makhleb's second power
  4235 | D:5      | Reached skill level 1 in Invocations
  4314 | D:5      | Noticed Grinder
  4333 | D:5      | Paralysed by Grinder for 2 turns
  4352 | D:5      | Defeated Grinder
  4352 | D:5      | Reached XP level 7. HP: 37/53 MP: 6/10
  4945 | D:6      | Found Plan's Distillery.
  4959 | D:6      | Found Daucur's Weapon Shop.
  5197 | D:6      | Found Stiom's Food Shop.
  5399 | D:6      | Got a sky-blue amulet
  5421 | D:6      | Found Schal's General Store.
  5434 | D:6      | Bought a +0 pair of boots for 30 gold pieces
  5510 | D:6      | Found a staircase to the Ecumenical Temple.
  5569 | D:6      | Reached skill level 5 in Invocations
  5705 | D:6      | Reached XP level 8. HP: 60/60 MP: 14/14
  5980 | D:6      | Bought an uncursed ring of protection from magic for 375 gold pieces
  6632 | D:7      | Acquired Makhleb's third power
  7021 | D:7      | Reached skill level 7 in Invocations
  7211 | D:8      | Reached XP level 9. HP: 65/65 MP: 16/18
  7600 | D:9      | Reached skill level 8 in Invocations
  7817 | D:9      | oh, I have rElec, right
  7823 | D:8      | theglow: yeah i was wondering about that
  7823 | D:8      | I was just treating it as an EV amulet...
  7831 | D:8      | theglow: i thought you were just being like super careful lol
  7911 | D:8      | Acquired Makhleb's fourth power
  7912 | D:8      | demolition mummy
  7971 | D:8      | Reached skill level 9 in Invocations
  8195 | D:9      | Noticed Joseph
  8198 | D:9      | hm
  8211 | D:9      | Defeated Joseph
  8211 | D:9      | Reached skill level 10 in Invocations
  8310 | D:9      | Paralysed by a giant eyeball for 4 turns
  8314 | D:9      | nice
  8345 | D:9      | Paralysed by a giant eyeball for 2 turns
  8478 | D:9      | Found Ethasa's Magical Wand Boutique.
  8515 | D:9      | sigh
  8601 | D:9      | Reached XP level 10. HP: 71/71 MP: 22/22
  8687 | D:9      | Noticed Psyche
  8701 | D:9      | Defeated Psyche
  9094 | D:10     | Entered Level 10 of the Dungeon
  9194 | D:10     | Reached skill level 11 in Invocations
  9203 | D:10     | Found a staircase to the Lair.
  9521 | D:10     | Acquired Makhleb's fifth power
  9611 | D:10     | Found a staircase to the Orcish Mines.
  9698 | Lair:1   | Entered Level 1 of the Lair of Beasts
  9877 | D:9      | Bought a wand of draining (12) for 256 gold pieces
 10525 | Lair:1   | Got a twisted quarterstaff
 10526 | Lair:1   | Identified the quarterstaff of Tender Mercy {speed, +Inv rC+ MR} (You found it on level 1 of the Lair of Beasts)
 10535 | Lair:1   | Found a burning altar of Makhleb.
 11039 | Lair:2   | Reached skill level 10 in Polearms
 11252 | Lair:2   | Reached XP level 11. HP: 56/77 MP: 24/24
 12119 | Lair:3   | Reached skill level 12 in Polearms
 13036 | Lair:4   | Reached skill level 13 in Polearms
 13067 | Lair:5   | Found a staircase to the Swamp.
 13067 | Lair:5   | Found a staircase to the Snake Pit.
 13168 | Lair:8   | Entered Level 8 of the Lair of Beasts
 13180 | Lair:8   | Reached XP level 12. HP: 83/83 MP: 25/25
 13186 | Lair:8   | Reached skill level 14 in Polearms
 14160 | Lair:5   | Reached skill level 5 in Shields
 14310 | Lair:2   | Learned a level 3 spell: Poison Weapon
 14527 | Lair:5   | Reached skill level 1 in Charms
 14527 | Lair:5   | Reached skill level 1 in Poison Magic
 14601 | Lair:5   | Found a dark tunnel.
 14639 | Volcano  | Entered a volcano
 14687 | Volcano  | Found a radiant altar of Vehumet.
 15034 | Lair:5   | Found a frozen archway.
 15053 | Lair:5   | Reached skill level 1 in Spellcasting
 15103 | IceCv    | Entered an ice cave
 15605 | IceCv    | Reached skill level 5 in Charms
 15799 | IceCv    | Got a brightly glowing lead ring
 15810 | IceCv    | Identified the ring of Mistrust (You found it in an ice cave)
 16064 | Lair:2   | Learned a level 4 spell: Control Teleport
 16157 | Lair:5   | Reached skill level 1 in Translocations
 17120 | Lair:6   | Reached XP level 13. HP: 88/88 MP: 26/26
 17516 | Lair:7   | Reached skill level 5 in Translocations
 18438 | Lair:8   | Noticed a spiny worm
 18466 | Lair:8   | Reached skill level 1 in Dodging
 18472 | Lair:8   | Defeated a spiny worm
 19652 | Lair:8   | Reached skill level 5 in Dodging
 20105 | Lair:8   | Got a pitted helmet
 20109 | Lair:8   | Identified the +1 helmet of the Sun (You found it on level 8 of the Lair of Beasts)
 20351 | Orc:1    | Entered Level 1 of the Orcish Mines
 20391 | Orc:1    | Noticed Maurice
 20400 | Orc:1    | Defeated Maurice
 20961 | Orc:1    | Found Oneaviez's Magical Wand Shoppe.
 20975 | Orc:1    | Bought a wand of draining (10) for 168 gold pieces
 21121 | Orc:1    | Found a roughly hewn altar of Beogh.
 21809 | Orc:4    | Entered Level 4 of the Orcish Mines
 21832 | Orc:4    | Noticed an orc high priest
 21846 | Orc:4    | Defeated an orc high priest
 21858 | Orc:4    | Noticed an orc high priest
 21863 | Orc:4    | Defeated an orc high priest
 21871 | Orc:4    | Noticed an orc high priest
 21876 | Orc:4    | Defeated an orc high priest
 21891 | Orc:4    | Found a roughly hewn altar of Beogh.
 21979 | Orc:4    | Found Varpher's Assorted Antiques.
 21979 | Orc:4    | Noticed an orc high priest
 21979 | Orc:4    | Noticed an orc high priest
 21984 | Orc:4    | Defeated an orc high priest
 21984 | Orc:4    | Reached XP level 14. HP: 88/95 MP: 27/27
 21986 | Orc:4    | Defeated an orc high priest
 21996 | Orc:4    | Found Dagozari's Antique Weapon Shoppe.
 21996 | Orc:4    | Noticed an orc high priest
 21996 | Orc:4    | Noticed an orc high priest
 22014 | Orc:4    | Defeated an orc high priest
 22041 | Orc:4    | Defeated an orc high priest
 22424 | Orc:4    | Noticed an orc high priest
 22435 | Orc:4    | Defeated an orc high priest
 22446 | Orc:4    | Found Chiwuucs' Antique Weapon Shoppe.
 22446 | Orc:4    | Found Bakog's Antique Armour Boutique.
 22485 | Orc:4    | Bought a distressingly furry large shield for 362 gold pieces
 22496 | Orc:4    | Identified the +1 large shield of the Meadowlark (You bought it in a shop on level 4 of the Orcish Mines)
 22539 | Orc:4    | Bought a flickering granite ring for 800 gold pieces
 22540 | Orc:4    | Identified the ring of Lies (You bought it in a shop on level 4 of the Orcish Mines)
 22608 | Orc:4    | Found a roughly hewn altar of Beogh.
 22765 | Orc:4    | Found Thahiu Klae's Book Boutique.
 22813 | Orc:4    | Bought a book of Minor Magic for 300 gold pieces
 22817 | Orc:4    | Learned a level 2 spell: Blink
 22820 | Orc:4    | Learned a level 2 spell: Repel Missiles
 23682 | Orc:4    | Bought a dazzling plate armour for 812 gold pieces
 23698 | Orc:4    | Identified the +16 plate armour of Freedom (You bought it in a shop on level 4 of the Orcish Mines)
 23699 | Orc:4    | hmm
 23882 | D:11     | Noticed Nessos
 23892 | D:11     | Defeated Nessos
 24052 | D:11     | Noticed Harold
 24072 | D:11     | Defeated Harold
 24107 | D:11     | Reached skill level 10 in Dodging
 24802 | D:12     | :)
 24844 | D:12     | okay
 25468 | D:12     | Got a steaming platinum ring
 25471 | D:12     | Identified the ring "Owodghuc" (You found it on level 12 of the Dungeon)
 26106 | D:13     | Noticed a queen bee
 26115 | D:13     | Reached skill level 10 in Charms
 26136 | D:13     | Defeated a queen bee
 26931 | D:14     | Noticed Agnes
 26937 | D:14     | Defeated Agnes
 26962 | D:15     | Entered Level 15 of the Dungeon
 27232 | D:14     | Reached skill level 5 in Fighting
 27255 | D:14     | Noticed Erica
 27273 | D:14     | Defeated Erica
 27331 | D:14     | Found a blossoming altar of Fedhas.
 27340 | D:14     | Reached XP level 15. HP: 105/105 MP: 28/28
 28085 | D:15     | Noticed Jozef
 28091 | D:15     | Defeated Jozef
 28839 | D:15     | Found a staircase to the Vaults.
 29314 | Snake:1  | Entered Level 1 of the Snake Pit
 29320 | Snake:1  | Noticed Louise
 29335 | Snake:1  | Defeated Louise
 29398 | Snake:1  | Noticed Aizul
 29406 | Snake:1  | Defeated Aizul
 29577 | Snake:1  | Found Fuaru's Magic Scroll Shop.
 29584 | Snake:1  | Bought a scroll of teleportation for 51 gold pieces
 29584 | Snake:1  | Bought a scroll of teleportation for 51 gold pieces
 29584 | Snake:1  | Bought a scroll of blinking for 93 gold pieces
 29584 | Snake:1  | Bought a scroll of identify for 34 gold pieces
 29613 | Snake:1  | Noticed Donald
 29614 | Snake:1  | :)
 29615 | Snake:1  | :(
 29748 | Snake:1  | Defeated Donald
 29748 | Snake:1  | Reached skill level 10 in Fighting
 30022 | Snake:1  | Bought a scroll of enchant weapon II for 93 gold pieces
 30628 | D:6      | Bought a scroll of enchant weapon I for 82 gold pieces
 31094 | Snake:2  | Noticed Nergalle
 31112 | Snake:2  | Defeated Nergalle
 31293 | Snake:2  | Noticed Norris
 31307 | Snake:2  | Defeated Norris
 31544 | Snake:2  | Noticed Snorg
 31570 | Snake:2  | Defeated Snorg
 32038 | Snake:2  | Reached skill level 1 in Traps & Doors
 32442 | Snake:2  | Reached XP level 16. HP: 125/125 MP: 29/29
 33037 | Snake:3  | Reached skill level 5 in Traps & Doors
 33325 | Snake:3  | Reached skill level 5 in Spellcasting
 33468 | Snake:4  | Found Crun's Magical Wand Shoppe.
 33488 | Snake:4  | Noticed Nikola
 33507 | Snake:4  | Defeated Nikola
 33671 | Snake:4  | Got a crystal spear
 33672 | Snake:4  | Identified the Lehudib's crystal spear {return, Int+3} (You found it on level 4 of the Snake Pit)
 34414 | Vault:1  | Entered Level 1 of the Vaults
 35330 | Vault:2  | Noticed Roxanne
 35360 | Vault:2  | Noticed Saint Roka
 35368 | Vault:2  | Found a staircase to the Crypt.
 35378 | Crypt:1  | Entered Level 1 of the Crypt
 35456 | Vault:2  | Defeated Saint Roka
 35682 | Vault:2  | Noticed a fire elemental
 35683 | Vault:2  | Noticed Azrael
 35697 | Vault:2  | Defeated a fire elemental
 35735 | Vault:2  | Noticed a fire elemental
 35739 | Vault:2  | Defeated a fire elemental
 35745 | Vault:2  | Noticed a fire elemental
 35758 | Vault:2  | Defeated a fire elemental
 35762 | Vault:2  | Defeated Azrael
 36228 | Crypt:1  | Noticed Kirke
 36234 | Crypt:1  | Defeated Kirke
 36998 | Crypt:1  | Reached XP level 17. HP: 124/132 MP: 29/29
 37003 | Crypt:1  | Noticed Mara
 37011 | Crypt:1  | Defeated Mara
 37158 | Crypt:2  | Reached skill level 10 in Shields
 37162 | Crypt:2  | Reached skill level 1 in Long Blades
 38296 | Crypt:1  | Found an ancient bone altar of Kikubaaqudgha.
 38780 | Crypt:2  | Found a magical portal.
 38785 | WizLab   | Entered Iskenderun's Mystic Tower
 39921 | Crypt:2  | Found a basalt altar of Yredelemnul.
 40016 | Crypt:2  | Reached skill level 5 in Long Blades
 41594 | Crypt:3  | Noticed Margery
 41638 | Crypt:2  | Defeated Margery
 42013 | Crypt:3  | Reached XP level 18. HP: 88/139 MP: 28/30
 42058 | Crypt:3  | Noticed a reaper
 42362 | Crypt:3  | Found a staircase to the Tomb.
 42623 | Crypt:4  | Noticed Frances
 42633 | Crypt:4  | Defeated Frances
 42779 | Crypt:4  | Reached skill level 10 in Long Blades
 42894 | Crypt:4  | Identified the amulet of the Air {+Lev EV+3} (You found it on level 6 of the Dungeon)
 42967 | Crypt:4  | Got a bloodstained ring mail
 42977 | Crypt:4  | Identified the cursed +3 ring mail "Blyiq" (You found it on level 4 of the Crypt)
 42978 | Crypt:4  | sort of tempting
 43642 | Crypt:5  | Entered Level 5 of the Crypt
 44005 | Crypt:5  | Noticed a large abomination
 44014 | Crypt:5  | Defeated a large abomination
 44047 | Crypt:5  | Got a pitted spear
 44048 | Crypt:5  | Identified the spear "Istisse" {pierce, +Blink} (You found it on level 5 of the Crypt)
 44238 | Crypt:5  | sigh
 45874 | Crypt:5  | Noticed an ancient lich
 45874 | Crypt:5  | Noticed an ancient lich
 45875 | Crypt:5  | oh, grates
 49849 | Crypt:5  | Reached XP level 19. HP: 146/146 MP: 31/31
 54466 | Crypt:5  | Got a black robe
 54485 | Crypt:5  | Identified the +4 robe of Night (You took it off a skeletal warrior on level 5 of the Crypt)
 65853 | Crypt:5  | Defeated an ancient lich
 65873 | Crypt:5  | Defeated an ancient lich
 65880 | Crypt:5  | Got an ancient golden ring
 65891 | Crypt:5  | Got a jewelled cloak
 65895 | Crypt:5  | Identified the ring of Life (You found it on level 5 of the Crypt)
 65895 | Crypt:5  | Identified the cursed -1 cloak of Schatz (You found it on level 5 of the Crypt)
 65896 | Crypt:5  | all that for this
 67178 | Vault:3  | Found Faics' Food Shoppe.
 67447 | Vault:2  | Noticed a guardian serpent
 67459 | Vault:2  | Defeated a guardian serpent
 68921 | Vault:5  | Noticed Mennas
 69026 | Vault:6  | Reached XP level 20. HP: 120/153 MP: 31/31
 69220 | Vault:6  | Found a staircase to the Hall of Blades.
 70766 | Vault:5  | Got a dazzling spiked flail
 70767 | Vault:5  | Identified the spiked flail of Chulompe {freeze, *TELE +Blink} (You found it on level 5 of the Vaults)
 71154 | D:16     | Got an ancient morningstar
 71155 | D:16     | Identified the morningstar of Hoyl {pierce, -CAST +Rage rElec MR} (You found it on level 16 of the Dungeon)
 71995 | D:17     | Found Pyanoa's Assorted Antiques.
 72133 | D:17     | Noticed a deep elf sorcerer
 72144 | D:17     | Defeated a deep elf sorcerer
 72408 | D:18     | Found a flickering gateway to a bazaar. 72418
                  | bazaar
                  | Entered a bazaar 72420
                  | bazaar
                  | Found Jedued's Jewellery Boutique. 72423
                  | bazaar
                  | Found Masuhas' Magical Wand Boutique. 72424
                  | bazaar
                  | Found Igeuc's General Store. 72424
                  | bazaar
                  | Found Qioli's Antique Weapon Boutique. 72455
                  | bazaar
                  | Bought the cursed necklace of Bloodlust {*Rage +Rage MR Str+2 Int-2 Dam+5 Stlth- Curse} for 1008 gold pieces 72455
                  | bazaar
                  | Bought a scroll of identify for 34 gold pieces
 72600 | D:18     | Found a deep blue altar of Sif Muna.
 73064 | D:18     | Found a glowing golden altar of the Shining One.
 73080 | D:18     | Got a transparent glaive
 73081 | D:18     | Identified the cursed -2,-5 glaive of Ambiguity (You found it on level 18 of the Dungeon)
 73967 | D:19     | Got an ancient hammer
 73968 | D:19     | Identified the cursed hammer of Zudait {flame, *Rage +Rage rC+ SInv} (You found it on level 19 of the Dungeon)
 74093 | D:19     | Got a rare book
 74094 | D:19     | Identified the Compendium of the Frostbite (You found it on level 19 of the Dungeon)
 74274 | D:19     | Found a white marble altar of Elyvilon.
 74364 | D:20     | Entered Level 20 of the Dungeon
 74504 | D:20     | Noticed Xtahua
 74519 | D:20     | Defeated Xtahua
 74519 | D:20     | Reached XP level 21. HP: 132/160 MP: 32/32
 74623 | D:20     | Found an ancient bone altar of Kikubaaqudgha.
 76376 | D:21     | Found a one-way gate to the infinite horrors of the Abyss.
 76599 | D:21     | Reached skill level 15 in Shields
 76633 | D:21     | Noticed an orc warlord
 76660 | D:21     | Defeated an orc warlord
 76754 | D:21     | Got a sparkling amethyst amulet
 76798 | D:21     | Identified the amulet of Summertime (You found it on level 21 of the Dungeon)
 76905 | D:21     | Found a glowing silver altar of Zin.
 76907 | D:21     | Found a gateway to Hell.
 77275 | D:21     | Learned a level 1 spell: Apportation
 77781 | D:22     | Learned a level 3 spell: Flight
 77786 | D:22     | Learned a level 4 spell: Insulation
 78188 | D:22     | Got a steaming cloak
 78192 | D:22     | Identified the cursed -5 cloak "Taudaq" (You found it on level 22 of the Dungeon)
 78479 | D:23     | Found a sparkling altar of Nemelex Xobeh.
 78508 | D:23     | Noticed Frederick
 78542 | D:23     | Defeated Frederick
 79693 | D:24     | Found Osusup's Book Shop.
 79713 | D:24     | Bought a book of Burglary for 825 gold pieces
 79717 | D:24     | Learned a level 2 spell: Swiftness
 79872 | D:24     | Found a one-way gate leading to the halls of Pandemonium.
 80256 | D:25     | Entered Level 25 of the Dungeon
 80531 | D:25     | Reached XP level 22. HP: 173/173 MP: 29/33
 80625 | D:25     | Found Woacwon's Weapon Shop.
 80803 | D:25     | Noticed a crystal golem
 80836 | D:25     | Defeated a crystal golem
 80927 | D:25     | Noticed a crystal golem
 80927 | D:25     | Noticed a crystal golem
 80952 | D:25     | Defeated a crystal golem
 80980 | D:25     | Defeated a crystal golem
 80990 | D:25     | Noticed a crystal golem
 81000 | D:25     | Defeated a crystal golem
 81027 | D:25     | Noticed a crystal golem
 81055 | D:25     | Defeated a crystal golem
 81125 | D:25     | Noticed a crystal golem
 81143 | D:25     | Defeated a crystal golem
 81156 | D:25     | Noticed a crystal golem
 81156 | D:25     | Noticed a crystal golem
 81185 | D:25     | Defeated a crystal golem
 81198 | D:25     | Defeated a crystal golem
 81206 | D:25     | Found a deep blue altar of Sif Muna.
 81210 | D:25     | Noticed a crystal golem
 81232 | D:25     | Defeated a crystal golem
 81237 | D:25     | Noticed a crystal golem
 81250 | D:25     | Defeated a crystal golem
 81354 | D:25     | Noticed a crystal golem
 81367 | D:25     | Defeated a crystal golem
 81793 | D:26     | Found Amuph's Magic Scroll Shop.
 82232 | D:26     | Elynae: how much slaying is that? the damage output is ridiculous
 82232 | D:26     | 16
 82232 | D:26     | :)
 82315 | D:26     | Noticed a golden dragon
 82322 | D:26     | Noticed a pulsating lump
 82322 | D:26     | an elephant changed into a pulsating lump
 82325 | D:26     | Defeated a pulsating lump
 82349 | D:26     | Reached skill level 10 in Translocations
 82360 | D:26     | Defeated a golden dragon
 82541 | D:26     | Got an ichor-stained hammer
 82542 | D:26     | Identified the cursed hammer "Dur Otet" {vamp, SInv} (You found it on level 26 of the Dungeon)
 83048 | D:9      | Bought a wand of disintegration (12) for 256 gold pieces
 83894 | D:27     | Entered Level 27 of the Dungeon
 84179 | D:27     | Reached XP level 23. HP: 170/180 MP: 34/34
 84469 | D:27     | Found Bifiq's Antique Armour Shoppe.
 84480 | D:27     | Bought a pair of runed elven boots for 73 gold pieces
 84488 | D:27     | Bought a pair of glowing boots for 61 gold pieces
 84492 | D:27     | Bought a runed dwarven large shield for 369 gold pieces
 84881 | D:27     | Found a deep blue altar of Sif Muna.
 84902 | D:27     | Noticed a deep elf sorcerer
 84912 | D:27     | Defeated a deep elf sorcerer
 84965 | D:27     | Noticed an ancient lich
 84985 | D:27     | Defeated an ancient lich
 85087 | D:27     | Got a distressingly furry leather armour
 85095 | D:27     | Identified the +2 leather armour of Claustrophobia (You found it on level 27 of the Dungeon)
 85096 | D:27     | !
 85178 | D:27     | Got a black book
 85179 | D:27     | Identified Fuish's Collected Works on Burning Execration (You found it on level 27 of the Dungeon)
 85201 | D:27     | Got a droning book
 85202 | D:27     | Identified the Guide on Ashen Aid (You found it on level 27 of the Dungeon)
 85564 | D:24     | Bought a book of the Warp for 990 gold pieces
 85574 | D:24     | Learned a level 7 spell: Controlled Blink
 85580 | D:24     | Learned a level 5 spell: Phase Shift
 86167 | Snake:5  | Entered Level 5 of the Snake Pit
 86256 | Snake:5  | ugh
 87380 | Snake:5  | Reached skill level 15 in Translocations
 87388 | Snake:5  | Got a serpentine rune of Zot
 87492 | Swamp:1  | Entered Level 1 of the Swamp
 88049 | Swamp:3  | Noticed Wiglaf
 88075 | Swamp:3  | Defeated Wiglaf
 88252 | Swamp:5  | Entered Level 5 of the Swamp
 88455 | Swamp:5  | Reached XP level 24. HP: 188/188 MP: 36/36
 88572 | Swamp:5  | Got a decaying rune of Zot
 89156 | Vault:8  | Entered Level 8 of the Vaults
 89247 | Vault:7  | Reached skill level 10 in Spellcasting
 89484 | Vault:8  | Noticed a bone dragon
 89486 | Vault:8  | Noticed a guardian serpent
 89486 | Vault:8  | a spriggan changed into a guardian serpent
 89514 | Vault:7  | Defeated a bone dragon
 89686 | Vault:8  | Noticed a golden dragon
 89771 | Vault:8  | Reached skill level 16 in Translocations
 89787 | Vault:8  | Defeated a golden dragon
 89896 | Vault:8  | Reached skill level 15 in Fighting
 89906 | Vault:8  | Noticed a guardian serpent
 89906 | Vault:8  | a cyclops changed into a guardian serpent
 89909 | Vault:8  | a guardian serpent changed into a draconian
 90032 | Vault:8  | Got a slimy great mace
 90039 | Vault:8  | Got a transparent mace
 90040 | Vault:8  | Identified the mace of the Mind {flame, *Rage rElec SInv} (You found it on level 8 of the Vaults)
 90109 | Vault:8  | Got an ancient sling
 90110 | Vault:8  | Identified the cursed sling of Dismay {flame, rElec rN+} (You found it on level 8 of the Vaults)
 90143 | Vault:8  | Got a silver rune of Zot
 90499 | Vault:8  | Reached XP level 25. HP: 181/200 MP: 37/37
 90897 | Vault:8  | Noticed a bone dragon
 90916 | Vault:8  | Defeated a bone dragon
 90965 | Vault:8  | Noticed a shining eye
 90965 | Vault:8  | a rock troll changed into a shining eye
 90966 | Vault:8  | a shining eye changed into a hill giant
 91000 | Vault:8  | Got a brightly glowing scimitar
 91001 | Vault:8  | Identified the cursed scimitar of Trog's Brutal Revenge {vamp, Hunger+ rF++} (You found it on level 8 of the Vaults)
 91127 | Vault:8  | :) finally haste
 91134 | Vault:8  | Learned a level 6 spell: Haste
 91212 | Vault:8  | Noticed a deep elf annihilator
 91219 | Vault:8  | Defeated a deep elf annihilator
 91299 | Vault:8  | Reached skill level 17 in Fighting
 91386 | Vault:7  | Elynae: are you planning to killdudes or ninja on zot:5?
 91386 | Vault:7  | probably ninja, but not completely sure
 91927 | D:26     | Bought a scroll of magic mapping for 49 gold pieces
 91927 | D:26     | Bought a scroll of teleportation for 42 gold pieces
 93109 | Zot:1    | Entered Level 1 of the Realm of Zot
 93825 | Zot:5    | Entered Level 5 of the Realm of Zot
 94144 | Zot:5    | Noticed an ancient lich
 94347 | Zot:5    | Defeated an ancient lich
 94395 | Zot:5    | Reached XP level 26. HP: 211/211 MP: 15/38
 94400 | Zot:5    | Reached skill level 10 in Traps & Doors
 94570 | Zot:5    | Noticed an electric golem
 94570 | Zot:5    | Noticed an ancient lich
 94771 | Zot:5    | Reached skill level 18 in Fighting
 94827 | Zot:5    | Defeated an ancient lich
 94834 | Zot:5    | Noticed an orb of fire
 94891 | Zot:5    | Defeated an orb of fire
 95152 | Zot:5    | Reached skill level 19 in Fighting
 95177 | Zot:5    | Noticed an orb of fire
 95178 | Zot:5    | ugh
 95180 | Zot:5    | Noticed an orb of fire
 95185 | Zot:5    | Noticed an electric golem
 95185 | Zot:5    | Noticed an orb of fire
 95236 | Zot:5    | Got the Orb of Zot
 95991 | D:2      | Noticed Laoggeh the pandemonium lord
 96031 | D:$      | Escaped with the Orb! Spells cast
                  | 1- 3
                  | 4- 6
                  | 7- 9
                  | 10-12
                  | 13-15
                  | 16-18
                  | 19-21
                  | 22-24
                  | 25-27 || total -------------------------+-------+-------+-------+-------+-------+-------+-------+-------+-------++------- Poison Weapon
                  | |
                  | | 5
                  | 45
                  | |
                  | | || 50 Repel Missiles
                  | |
                  | |
                  | 9
                  | 27
                  | 54
                  | 38
                  | 33 || 161 Control Teleport
                  | |
                  | |
                  | 4
                  | 10
                  | 32
                  | 4
                  | || 50 Blink
                  | |
                  | |
                  | | 6
                  | 4
                  | 1
                  | 1 || 12 Swiftness
                  | |
                  | |
                  | |
                  | 2
                  | 13
                  | 28 || 43 Insulation
                  | |
                  | |
                  | |
                  | 2
                  | 1
                  | 9 || 12 Phase Shift
                  | |
                  | |
                  | |
                  | | 24
                  | 38 || 62 Flight
                  | |
                  | |
                  | |
                  | | 2
                  | 1 || 3 Haste
                  | |
                  | |
                  | |
                  | |
                  | 9 || 9 Controlled Blink
                  | |
                  | |
                  | |
                  | |
                  | 1 || 1 Apportation
                  | |
                  | |
                  | |
                  | |
                  | 3 || 3
